 Dungeon Crawl Stone Soup version 0.29-a0-648-g6b26cc9f40 (webtiles) character file.

Game seed: 15837768097936862580

1016 dolemite99 the Cleaver (level 8, -1/57 HPs)
             Began as a Minotaur Fighter on June 20, 2022.
             Was a Priest of Hepliaklqana.
             Killed by divine providence
             ... invoked by an orc priest
              (17 damage)
             ... on level 5 of the Dungeon.
             The game lasted 00:05:18 (4728 turns).

dolemite99 the Cleaver (Minotaur Fighter)           Turns: 4728, Time: 00:05:18

Health: -1/57      AC: 13    Str: 23    XL:     8   Next: 1%
Magic:  5/7        EV:  6    Int:  5    God:    Hepliaklqana [***...]
Gold:   193        SH:  5    Dex: 16    Spells: 7/7 levels left

rFire   . . .      SeeInvis .   a - +0 war axe
rCold   . . .      Faith    .   c - +0 buckler
rNeg    . . .      Spirit   .   u - +0 plate armour
rPois   .          Reflect  .   (helmet restricted)
rElec   .          Harm     .   j - +1 cloak {Will+}
rCorr   .          Rampage  .   (no gloves)
Will    +....                   (no boots)
Stlth   ..........              (no amulet)
HPRegen 0.19/turn               z - +6 ring of dexterity
MPRegen 0.10/turn               (no ring)

@: no status effects
A: reduced essence, horns 2, retaliatory headbutt
a: Renounce Religion, Recall Ancestor, Ancestor Identity, Transference


You were on level 5 of the Dungeon.
You worshipped Hepliaklqana.
Hepliaklqana was most pleased with you.
You visited 1 branch of the dungeon, and saw 5 of its levels.

You collected 215 gold pieces.
You spent 22 gold pieces at shops.

Inventory:

Hand Weapons
 a - a +0 war axe (weapon)
 o - a +0 morningstar
 q - a +0 war axe
Missiles
 y - a throwing net (quivered)
Armour
 b - a +1 scale mail
 c - a +0 buckler (worn)
 j - a +1 cloak of willpower (worn)
 u - a +0 plate armour (worn)
Jewellery
 r - an amulet of faith
 v - a ring of resist corrosion
 z - a +6 ring of dexterity (left hand)
Scrolls
 h - 3 scrolls of blinking
 k - 2 scrolls of teleportation
 l - a scroll of immolation
 x - a scroll of silence
Potions
 d - a potion of might
 e - a potion of cancellation
 f - 4 potions of curing
 g - a potion of heal wounds {unknown}
 i - 4 potions of lignification
 m - a potion of haste {unknown}
 n - a potion of brilliance {unknown}
 p - a potion of berserk rage {unknown}
 s - a potion of attraction {unknown}
 t - 2 potions of ambrosia {unknown}
 w - a potion of magic {unknown}


   Skills:
 - Level 3.6 Fighting
 + Level 11.3 Axes
 - Level 3.6 Armour
 - Level 3.6 Shields


You had 7 spell levels left.
You didn't know any spells.
Your spell library was empty.

Dungeon Overview and Level Annotations

Branches:
Dungeon (5/15)             Temple (0/1) D:4

Altars:
Hepliaklqana

Shops:
D:2 (*(   D:5 *

Portals:
Ossuary: D:5


Innate Abilities, Weirdness & Mutations

Your life essence is reduced to manifest your ancestor. (-10% HP)
You have a pair of horns on your head.
You reflexively headbutt those who attack you in melee.


Message History

r - Retreat! s - Stop attacking. g - Guard the area. f - Follow me.
Anything else - Cancel.
Guard this area!
Your hound barely misses the orc priest.
Something bites your hound. Something claws your hound. x2
Something hits your hound.
Your iguana bites the orc priest.
The orc priest barely misses your iguana.
Your iguana closely misses the orc priest.
Something hits your iguana.
Your iguana dies!
Your iguana's corpse dissolves into shadows!
There is an escape hatch in the floor here.
Found a sand-covered staircase.
An orc wizard appears from thin air!
You see here a scroll of blinking.
h - 3 scrolls of blinking (gained 1)
You see here a purple potion.
g - a purple potion
There is an open door here.
What are your orders? t - Shout!
Orders for allies: a - Attack new target. r - Retreat! s - Stop attacking. g - Guard the area. f - Follow me.
Anything else - Cancel.
Guard this area!
Edwyna is recalled.
The gnoll hits you from afar with a +0 spear.
The gnoll barely misses you.
The orc wizard hits something with a +0 dagger.
You closely miss the gnoll. The gnoll hits you with a +0 spear!
* * * LOW HITPOINT WARNING * * *
The orc wizard hits something with a +0 dagger.
You feel better. The gnoll hits you with a +0 spear.
* * * LOW HITPOINT WARNING * * *
The orc wizard hits something with a +0 dagger.
The orc priest invokes the aid of Beogh against you.
Beogh smites you!
You die...

#.#☼#.#.#.#........
+.#○#.#.#.#..##'##.
###○#.#.#.#..#...
##.#.#.#.#..'.∩.'
##.#.#.#....#
##.#.#R...o.#####
##.#.#...........
##.#.#.....#S#.
##.#.#.....#@##
##.#.#....og..#
######.#.#.....####
....##...#######
....######...#
(...'....#.#.###
....####.#.#...###
....####.#.#..<..#
........)....#.#.#


You could see an orc priest, an orc wizard, a gnoll (ally target) and a friendly
adder (summoned).

Vanquished Creatures
  A scorpion (D:5)
  An orc priest (D:5)
  2 jellies (D:5)
  Natasha (twice) (D:2)
  An orc wizard (D:5)
  2 adders (D:2)
  A shadow imp (D:5)
  2 white imps (D:5)
  7 orcs
  A bat skeleton (D:2)
  2 endoplasms
  5 goblins
  5 hobgoblins
  2 jackals (D:1)
  2 quokkas (D:1)
  4 ball pythons
  A ball python skeleton (D:2)
  A ball python zombie (D:2)
  8 bats
  3 frilled lizards
  A jackal skeleton (D:2)
  5 kobolds
  10 rats
69 creatures vanquished.

Vanquished Creatures (collateral kills)
  Sigmund (D:5)
  An ogre (D:4)
  A phantom (D:5)
  A scorpion (D:4)
  A quasit (D:5)
  2 orc priests
  Jessica (D:3)
  2 iguanas (D:4)
  An orc wizard (D:5)
  5 adders
  2 white imps (D:5)
  2 ufetubi (D:5)
  An adder skeleton (D:2)
  An adder zombie (D:2)
  A dart slug (D:2)
  15 orcs
  A bat (D:3)
  An endoplasm (D:4)
  2 giant cockroaches
  2 hobgoblins
  A quokka (D:3)
  A ball python (D:3)
  A frilled lizard (D:3)
  A goblin (D:3)
  2 kobolds
  A rat (D:2)
51 creatures vanquished.

Vanquished Creatures (others)
  5 demonic plants (D:5)
  3 withered plants (D:2)
8 creatures vanquished.

Grand Total: 128 creatures vanquished

Notes
Turn   | Place    | Note
-------+----------+-------------------------------------------
     0 | D:1      | dolemite99 the Minotaur Fighter began the quest for the
                  | Orb.
     0 | D:1      | Reached XP level 1. HP: 19/19 MP: 0/0
   184 | D:1      | Reached skill level 3 in Axes
   208 | D:1      | Found a faded altar of an unknown god.
   222 | D:1      | Prayed at the altar of an unknown god.
   222 | D:1      | Became a worshipper of Hepliaklqana the Forgotten
   222 | D:1      | Reached * piety under Hepliaklqana
   280 | D:1      | Reached XP level 2. HP: 15/23 MP: 1/1
   759 | D:1      | Reached skill level 4 in Axes
  1521 | D:2      | Reached XP level 3. HP: 27/27 MP: 2/2
  1725 | D:2      | Found Qepnubib's Antique Weapon Emporium.
  1954 | D:2      | Noticed Natasha
  1963 | D:2      | Killed Natasha
  1964 | D:2      | Reached skill level 5 in Axes
  1964 | D:2      | Reached XP level 4. HP: 35/35 MP: 3/3
  1986 | D:2      | Found Qavegack's Assorted Antiques.
  1990 | D:2      | Bought a scroll labelled USHATOUSH for 22 gold pieces
  2055 | D:2      | Noticed Natasha
  2066 | D:2      | Killed Natasha
  2089 | D:2      | Reached ** piety under Hepliaklqana
  2090 | D:2      | Remembered your ancestor Edwyna as a battlemage
  2212 | D:2      | Reached skill level 6 in Axes
  2332 | D:2      | Found Hoteal's Weapon Shop.
  2665 | D:3      | Reached XP level 5. HP: 28/40 MP: 4/4
  3031 | D:3      | Reached skill level 7 in Axes
  3180 | D:3      | Noticed Jessica
  3186 | D:3      | Killed Jessica
  3604 | D:4      | Found a staircase to the Ecumenical Temple.
  3607 | D:4      | Reached XP level 6. HP: 45/45 MP: 5/5
  3638 | D:4      | Reached skill level 8 in Axes
  4250 | D:5      | Entered Level 5 of the Dungeon
  4261 | D:5      | Reached skill level 9 in Axes
  4261 | D:5      | Reached XP level 7. HP: 48/51 MP: 6/6
  4488 | D:5      | Reached *** piety under Hepliaklqana
  4638 | D:5      | Found Xuwkeucw's General Store.
  4645 | D:5      | Noticed Sigmund
  4652 | D:5      | Killed Sigmund
  4653 | D:5      | Reached skill level 10 in Axes
  4698 | D:5      | Reached skill level 11 in Axes
  4704 | D:5      | Reached XP level 8. HP: 21/57 MP: 7/7
  4714 | D:5      | Found a sand-covered staircase.
  4728 | D:5      | Killed from afar by an orc priest

Illustrated notes

Levels and vault maps discovered:
D:1:      lemuel_arrival_hallway, layout_basic, basic_ecumenical_altar,
          lemuel_old_faithful
D:2:      minmay_general_purpose_star, layout_basic, serial_shops, shop,
          nicolae_shop_bloodbath_and_beyond, shop, serial_undead,
          serial_undead_f, serial_undead_e, serial_undead_b, serial_undead_c,
          uniq_natasha
D:3:      layout_rooms, grunt_ministairs_1, saegor_snake_ambush, uniq_jessica
D:4:      layout_basic, temple_doors_ab
D:5:      lemuel_ice_spiral_2, layout_basic, enter_ossuary_2, serial_shops,
          nicolae_shop_behind_doors, serial_demonic, serial_demonic_b,
          serial_demonic_c, serial_demonic_g, serial_demonic_g,
          serial_demonic_d, serial_demonic_c,
          eino_small_chamber_without_monster, uniq_sigmund

Skill      XL: |  1  2  3  4  5  6  7 |
---------------+----------------------+-----
Axes           | 3 4 5 6 7 9 11 | 11.3
Fighting       | |  3.6
Armour         | |  3.6
Shields        | |  3.6

Action                   |  1- 3 |  4- 6 |  7- 9 || total
-------------------------+-------+-------+-------++-------
Melee: War axe           |    70 |    65 |    23 ||   158
       Headbutt          |     8 |    11 |       ||    19
Invok: Ancestor Life: Ba |       |     1 |       ||     1
       Recall Ancestor   |       |     1 |     2 ||     3
  Use: Scroll            |     5 |     5 |     2 ||    12
       Potion            |       |       |     3 ||     3
Armor: Scale mail        |    37 |    32 |       ||    69
       Plate armour      |       |    17 |    24 ||    41
Dodge: Dodged            |    34 |    24 |     8 ||    66
Block: Buckler           |     9 |    15 |     9 ||    33

Table legend: (Time is in decaauts)
 A = Elapsed time spent in this place.
 B = Non-inter-level travel time spent in this place.
 C = Inter-level travel time spent in this place.
 D = Time resting spent in this place.
 E = Time spent auto-exploring this place.
 F = Levels seen in this place.
 G = Mean time per level.
                   A        B        C        D        E       F      G
               +--------+--------+--------+--------+--------+-----+--------+
         Total |   4797 |   4717 |     80 |    390 |   3482 |   5 |  959.4 |
       Dungeon |   4797 |   4717 |     80 |    390 |   3482 |   5 |  959.4 |
               +--------+--------+--------+--------+--------+-----+--------+

Top non-repeatable levels by time:
     D:1: 1527 daAuts
     D:2: 1134 daAuts
     D:3: 961 daAuts
     D:4: 696 daAuts
     D:5: 478 daAuts
